AoeStats
← IamTheCrew

Arena

508990569Analyzed
1v1 RM · 7d ago on Sep 25, 2026· 86m 17s· 2 players
Game mode
Random Map
Map size
Tiny (2 player)
Population
200
Speed
Normal
Resources
Standard
Victory
Conquest
Starting age
Dark Age
Ending age
Imperial Age
RankedLock teamsTeams togetherTeam positionsShared explorationLock speedFull tech treeHidden civsTurbo modeCheats
Victory
Defeat
🇹🇷 Lithuanians · Türkiye
583
+18
🇲🇽 Aztecs · Mexico
632
-18
Etiquette ^^
0:33 Loom
13:08 Feudal Age
14:27 Wheelbarrow
13:34 Horse Collar
13:42 Double-Bit Axe
15:01 Gold Mining
15:12 Stone Mining
21:03 Castle Age
20:55 Scale Barding Armor
20:51 Scale Mail Armor
21:01 Forging
20:52 Padded Archer Armor
22:16 Hand Cart
22:13 Bow Saw
23:14 Heavy Plow
30:16 Imperial Age
30:09 Stone Shaft Mining
32:35 Husbandry
32:45 Bloodlines
31:56 Cavalier
32:43 Town Watch
33:32 Crop Rotation
38:19 Chemistry
37:40 Ballistics
38:48 Chain Mail Armor
38:54 Chain Barding Armor
39:14 Iron Casting
40:35 Two-Man Saw
40:01 Conscription
40:14 Tower Shields
39:53 Elite Skirmisher
40:42 Thumb Ring
41:24 Paladin
42:40 Town Watch
43:57 Plate Barding Armor
43:38 Leather Archer Armor
43:14 Fletching
44:46 Town Patrol
45:01 Elite Leitis
47:50 Ring Archer Armor
47:15 Bodkin Arrow
47:42 Bombard Tower
47:13 Guard Tower
47:33 Fortified Wall
47:14 Heated Shot
47:04 Treadmill Crane
47:20 Murder Holes
47:36 Masonry
48:48 Hill Forts
49:23 Hoardings
50:25 Bracer
58:01 Onager
59:51 Onager
68:30 Heavy Cavalry Archer
69:36 Crossbowman
74:43 Keep
74:39 Architecture
IamTheCrew
9:46 Feudal Age
16:11 Castle Age
14:00 Loom
16:45 Scale Mail Armor
17:09 Town Watch
19:39 Wheelbarrow
25:05 Hand Cart
32:36 Imperial Age
37:26 Crossbowman
37:29 Pikeman
38:09 Squires
38:56 Redemption
39:09 Sanctity
40:05 Town Patrol
40:26 Arson
40:51 Atlatl
41:07 Forging
41:30 Chain Mail Armor
41:07 Fletching
41:18 Padded Archer Armor
41:17 Gold Mining
41:17 Stone Mining
41:05 Capped Ram
42:33 Horse Collar
42:39 Siege Ram
43:54 Elite Jaguar Warrior
45:15 Iron Casting
46:45 Plate Mail Armor
49:05 Double-Bit Axe
49:24 Heavy Plow
50:31 Blast Furnace
49:30 Bodkin Arrow
49:51 Leather Archer Armor
51:49 Garland Wars
52:23 Devotion
72:06 Bow Saw
72:28 Crop Rotation
Connection lost

Rejoining the realm…

Still unreachable

The connection could not be restored.

Session expired

The server has moved on; the page needs a fresh start.